 Dungeon Crawl Stone Soup version 0.30.0 (webtiles) character file.

Game seed: 5278996302350091663

108 grguerra the Covered (level 4, -2/40 HPs)
             Began as a Minotaur Fighter on Aug 8, 2023.
             Slain by an orc priest
             ... wielding a +0 hand axe
              (6 damage)
             ... on level 3 of the Dungeon.
             The game lasted 00:04:30 (1828 turns).

grguerra the Covered (Minotaur Fighter)             Turns: 1828, Time: 00:04:30

Health: -2/40      AC:  7    Str: 23    XL:     4   Next: 58%
Magic:  3/3        EV:  9    Int:  5    God:
Gold:   123        SH:  4    Dex:  9    Spells: 3/3 levels left

rFire   . . .        a - +0 war axe
rCold   . . .        c - +0 buckler
rNeg    . . .        b - +0 scale mail
rPois   .            (helmet restricted)
rElec   .            (no cloak)
rCorr   .            (no gloves)
SInv    .            (no boots)
Will    .....        (no amulet) Stlth
                     (no ring)
HPRegen 0.26/turn    (no ring)
MPRegen 0.08/turn

%: no passive effects
@: no status effects
A: horns 2, retaliatory headbutt
a: no special abilities


You were on level 3 of the Dungeon.
You visited 1 branch of the dungeon, and saw 3 of its levels.

You collected 123 gold pieces.

Inventory:

Hand Weapons
 a - a +0 war axe (weapon)
Armour
 b - a +0 scale mail (worn)
 c - a +0 buckler (worn)
Potions
 d - 2 potions of might
 f - 2 potions of degeneration
 h - a potion of brilliance
 i - 2 potions of attraction
 j - a potion of curing {unknown}


   Skills:
 + Level 4.0 Fighting
 + Level 4.2 Axes
 + Level 4.6 Armour
 + Level 0.1 Dodging
 + Level 4.3 Shields


You had 3 spell levels left.
You didn't know any spells.
Your spell library contained the following spells:

 Spells                   Type           Power      Damage    Failure   Level
 Cause Fear               Hex            0%         N/A       100%        4
 Dragon Form              Tmut           0%         N/A       100%        7
 Dragon's Call            Summ           0%         N/A       100%        9


Dungeon Overview and Level Annotations

Branches:
Dungeon (3/15)

Altars:

Annotations:
D:2 1 runed translucent door, Crazy Yiuf


Innate Abilities, Weirdness & Mutations

You have a pair of horns on your head.
You reflexively headbutt those who attack you in melee.


Message History

There are monsters nearby!
You are too injured to fight recklessly!
There are monsters nearby!
You are too injured to fight recklessly!
There are monsters nearby!
You are too injured to fight recklessly!
There are monsters nearby!
You are too injured to fight recklessly!
There are monsters nearby!
You are too injured to fight recklessly!
There are monsters nearby!
You are too injured to fight recklessly!
There are monsters nearby!
You are too injured to fight recklessly!
There are monsters nearby!
You are too injured to fight recklessly!
There are monsters nearby!
You are too injured to fight recklessly!
There are monsters nearby!
You are too injured to fight recklessly!
There are monsters nearby!
Unknown command.
You slash the orc!
You kill the orc!
You hit the orc priest.
The orc priest hits you with a +0 hand axe.
* * * LOW HITPOINT WARNING * * *
The orc priest mumbles some strange prayers to Beogh against you.
Pain shoots through your body!
* * * LOW HITPOINT WARNING * * *
You block the orc's attack.
The orc priest hits you but does no damage.
You see here a +0 whip.
Unknown command.
You slash the orc priest!
The orc priest is severely wounded.
You slash the orc!
You kill the orc!
The orc priest hits you with a +0 hand axe.
You die...

##. #..
#######.### #.#
#........#.
#.##..~...~....
##.#$..........#
#..#⌠..........#
##..# .........
###...# .~...~).#
#...#.## .....oo@#
..###..#########.#
######...........#
...# #############
...# ...+ # ...#.#
...#.# #....##


You could see an orc priest and an orc.

Vanquished Creatures
  Robin (D:2)
  5 adders
  A worm (D:2)
  2 dart slugs
  2 orcs (D:3)
  3 bats
  4 endoplasms
  2 giant cockroaches
  13 goblins
  4 hobgoblins (D:2)
  A quokka (D:1)
  3 ball pythons
  2 rats
43 creatures vanquished.

Notes
Turn   | Place    | Note
-------+----------+-------------------------------------------
     0 | D:1      | grguerra the Minotaur Fighter began the quest for the Orb.
     0 | D:1      | Reached XP level 1. HP: 19/19 MP: 0/0
   472 | D:1      | Reached XP level 2. HP: 26/27 MP: 1/1
   914 | D:2      | Reached XP level 3. HP: 30/33 MP: 2/2
  1178 | D:2      | Noticed Robin
  1186 | D:2      | Reached XP level 4. HP: 23/40 MP: 3/3
  1190 | D:2      | Killed Robin
  1266 | D:2      | Found a faded altar of an unknown god.
  1308 | D:2      | Found a runed translucent door.
  1309 | D:2      | Noticed Crazy Yiuf
  1828 | D:3      | Slain by an orc priest

Illustrated notes

Levels and vault maps discovered:
D:1:      lightli_arrival_statue_moat, layout_loops_corners
D:2:      layout_loops_ring, chequers_ecumenical_altar_simple_redux,
          minmay_misc_feat_four_crosses, uniq_robin, uniq_crazy_yiuf_cottage
D:3:      cheibrodos_pilgrimage, layout_basic, serial_shops, shop,
          portal_sewer_entry_e

Skill      XL: |  1  2  3  4 |
---------------+-------------+-----
Armour         | 4 |  4.6
Axes           | 3 4 |  4.2
Shields        | 4 |  4.3
Fighting       | 4 |  4.0
Dodging        | |  0.1

Action                     |  1- 3 |  4- 6 || total
---------------------------+-------+-------++-------
  Melee: War axe           |    49 |    35 ||    84
         Headbutt          |     7 |     3 ||    10
    Use: Scroll            |     4 |     5 ||     9
 Armour: Scale mail        |    17 |    15 ||    32
  Dodge: Dodged            |    19 |    14 ||    33
  Block: Buckler           |    13 |     8 ||    21
